 Dungeon Crawl Stone Soup version 0.19.0-24-gb05acd6 (console) character file.

13610 Jesseh the Cleaver (level 11, -2/106 HPs)
             Began as a Deep Dwarf Fighter on Nov 17, 2016.
             Was a Priest of Makhleb.
             Killed from afar by Azrael (15 damage)
             ... with a fireball
             ... on level 13 of the Dungeon on Nov 20, 2016.
             The game lasted 01:42:31 (10110 turns).

Jesseh the Cleaver (Deep Dwarf Fighter)            Turns: 10110, Time: 01:42:31

Health: -2/106     AC: 17    Str: 21    XL:     11   Next: 77%
Magic:  5/5        EV:  7    Int:  9    God:    Makhleb [***...]
Gold:   332        SH: 12    Dex: 14    Spells: 0 memorised, 10 levels left

rFire  . . .     SeeInvis .     a - +1 war axe
rCold  . . .     Gourm    .     y - +2 chain mail of Follow the Leader {rN+}
rNeg   + . .     Faith    .     c - +0 shield
rPois  .         Spirit   .     n - +0 helmet
rElec  .         Reflect  .     (no cloak)
rCorr  .         Harm     .     t - +1 pair of gloves
MR     +....                    (no boots)
Stlth  ..........               (no amulet)
                                (no ring)
                                I - +1 ring of slaying

@: lethally poisoned (-2 -> -2), non-regenerating, slowed, very slow
A: damage resistance, recharge devices, sense surroundings 2, slow regeneration
3
a: Device Recharging, Minor Destruction, Lesser Servant of Makhleb, Renounce
Religion


You were on level 13 of the Dungeon.
You worshipped Makhleb.
Makhleb was most pleased with you.
You were not hungry.

You visited 3 branches of the dungeon, and saw 15 of its levels.

You collected 728 gold pieces.
You spent 396 gold pieces at shops.

Inventory:

Hand Weapons
 a - a +1 war axe (weapon)
 S - a +0 rapier of venom
   (You found it on level 11 of the Dungeon)
Missiles
 U - a curare-tipped needle
Armour
 c - a +0 shield (worn)
 n - a +0 helmet (worn)
   (You took it off Robin on level 2 of the Dungeon)
 t - a +1 pair of gloves (worn)
   (You found it on level 2 of the Dungeon)
 y - the +2 chain mail of Follow the Leader (worn) {rN+}
   (You bought it in a shop on level 5 of the Dungeon)

   It protects you from negative energy.
 L - a +0 scale mail of poison resistance
   (You took it off an orc on level 9 of the Dungeon)
 O - a +0 leather armour of cold resistance
   (You took it off an orc on level 8 of the Dungeon)
 Y - a +4 chain mail
   (You took it off an orc warrior on level 9 of the Dungeon)
Jewellery
 H - an uncursed ring of fire
   (You found it on level 5 of the Dungeon)
 I - a +1 ring of slaying (left hand)
   (You bought it in a shop on level 5 of the Dungeon)
Wands
 b - a wand of digging (19/24)
   (You found it on level 9 of the Dungeon)
 e - a wand of heal wounds (5/9)
 F - a wand of disintegration (15/24)
   (You found it on level 10 of the Dungeon)
 N - a wand of disintegration (11/24)
   (You found it on level 8 of the Dungeon)
 Q - a wand of acid (11/15)
   (You found it on level 8 of the Dungeon)
 R - a wand of slowing (22/48)
   (You found it on level 8 of the Dungeon)
Scrolls
 g - 2 scrolls of remove curse
 h - 3 scrolls of identify
 l - 2 scrolls of teleportation
 m - 4 scrolls of amnesia
 s - a scroll of fog {unknown}
 v - a scroll of fear {unknown}
 w - a scroll of blinking
 z - 7 scrolls of enchant weapon
 A - a scroll of noise {unknown}
 B - a scroll of enchant armour {unknown}
 D - 3 scrolls of recharging
 Z - a scroll of magic mapping {unknown}
Potions
 d - 3 potions of might
 j - 2 potions of cancellation {unknown}
 o - a potion of haste
 p - 2 potions of heal wounds {unknown}
 q - 3 potions of ambrosia
 r - a potion of flight
 u - 3 potions of degeneration
 x - 3 potions of agility {unknown}
 C - 6 potions of curing
 E - 2 potions of magic
 G - a potion of beneficial mutation {unknown}
 M - a potion of lignification {unknown}
 T - a potion of resistance {unknown}
Comestibles
 f - 5 bread rations
 i - 10 royal jellies
 k - 6 meat rations
 J - 5 chunks of flesh
 K - 7 fruits
 P - 6 beef jerkies


   Skills:
 + Level 9.3 Fighting
 + Level 12.1 Axes
 + Level 9.9 Armour
 - Level 10.3 Shields


You had 10 spell levels left.
You didn't know any spells.

Dungeon Overview and Level Annotations

Branches:
Dungeon (13/15)            Temple (1/1) D:7            Lair (0/6) D:10
    Orc (1/2) D:9
 Vaults: D:13-14

Altars:
Ashenzari
Cheibriados
Elyvilon
Hepliaklqana
Makhleb
Nemelex Xobeh
Okawaru
Qazlal
Uskayaw
Yredelemnul
The Shining One

Shops:
D:5 %[!=   D:7 :   D:12 (   Orc:1 [

Annotations:
D:13 Azrael, Sonja


Innate Abilities, Weirdness & Mutations

You are resistant to damage.
You can recharge devices by infusing magical energy.
You passively map the area around you.
You do not regenerate.


Message History

You see here a howler monkey corpse.
You butcher the howler monkey corpse.
A centaur comes into view.
You see here 2 chunks of flesh.
The centaur shouts!
The centaur wields a shortbow.
The centaur shoots an arrow.
The arrow hits you but does no damage.
You see here an arrow.
The centaur shoots an arrow.
You block the arrow.
You see here an arrow.
You are feeling hungry.
The centaur shoots an arrow.
The arrow hits you but does no damage.
The centaur shoots an arrow.
The arrow hits you.
You closely miss the sky beast.
The sky beast hits you but does no damage.
You hit the sky beast but do no damage.
The sky beast hits you but does no damage.
Sonja, the Graceful Assassin comes into view.
She is wielding a short sword of distortion.
You closely miss the sky beast.
The sky beast hits you but does no damage.
You slash the sky beast! You slash the sky beast!
You block the sky beast's attack.
Sonja shouts!
You hit the sky beast.
The sky beast flickers out of sight!
Deactivating autopickup; reactivate with Ctrl-A.
Something hits you but does no damage.
Sonja unwields an uncursed short sword of distortion.
Its appearance distorts for a moment.
Sonja wields an uncursed glowing blowgun.
Sonja shoots a curare-tipped needle.
Reactivating autopickup.
You feel a bit more experienced.
You slash the centaur!
The centaur unwields an uncursed shortbow.
The centaur closely misses you.
Some of the chunks of flesh in your inventory have rotted away.
You slash the centaur!
You kill the centaur!
Makhleb accepts your kill.
You feel better.
Sonja shoots a curare-tipped needle.
You block the curare-tipped needle.
Sonja gestures wildly while chanting.
Sonja blinks!
U - a curare-tipped needle
Things that are here:
an uncursed shortbow; 19 arrows; a centaur corpse Sonja drinks a potion.
Sonja flickers and vanishes!
Deactivating autopickup; reactivate with Ctrl-A.
You see here a curare-tipped needle.
A curare-tipped needle appears from out of thin air!
The curare-tipped needle hits you.
You are poisoned.
You have difficulty breathing.
You feel yourself slow down.
Azrael the Boundless Flame comes into view.
He is wielding a scimitar of flaming.
Eat one of 6 chunks of flesh? (ye/n/q)
You start eating one of the 6 chunks of flesh.
A curare-tipped needle appears from out of thin air!
The curare-tipped needle hits you.
You are more poisoned.
You have difficulty breathing.
You feel as though you will be slow longer.
A fire elemental comes into view.
You feel very sick.
You feel very sick.
A hell hound comes into view.
You see here 21 bolts.
You feel very sick.
The hell hound moves out of view. 2 hell hounds come into view.
You feel sick.
The hell hound barks!
Azrael gestures at you. The sticky flame hits you!
You are covered in liquid flames!
* * * LOW HITPOINT WARNING * * *
Azrael gestures at you. The bolt of fire hits you!
* * * LOW HITPOINT WARNING * * *
The hell hound moves out of view.
You are covered in liquid flames!
* * * LOW HITPOINT WARNING * * *
You are covered in liquid flames!
* * * LOW HITPOINT WARNING * * *
You block the hell hound's attack.
A fire elemental comes into view.
You are covered in liquid flames!
* * * LOW HITPOINT WARNING * * *
The hell hound breathes flames at you.
The blast of flame hits the hell hound.
The hell hound completely resists.
The blast of flame hits you!
* * * LOW HITPOINT WARNING * * *
The hell hound bites you but does no damage.
You block the hell hound's attack. Azrael gestures at you.
The fireball explodes!
The fireball engulfs the hell hound.
The hell hound completely resists.
The fireball engulfs you!
You die...

▒▒▒▒▒..#.#E▒▒▒▒▒▒▒▒[. ░
........#.(......... .
........▒▒(.......▒ .
........▒▒E.▒.....▒.▒ ▒ ░ ░ ░
........▒▒)▒......▒.▒.▒ ,
,..........###...................
▒▒▒▒▒▒▒▒▒▒.#▒E▒.....▒..▒........
.......(.)..R.h▒.▒..▒...........
▒▒▒▒▒▒▒▒▒▒....hg...............,
░ ░,▒...▒▒▒.▒▒..▒.......... ░
▒...▒▒▒.▒▒.▒.........♣♣♣ ,░ ░,
▒......................♣♣♣
▒...........▒.▒........... ░ ░
▒▒▒............▒.▒▒..▒▒▒.▒ ,
▒..............▒▒▒.▒ ░
▒..........▒▒.▒▒ ▒)▒▒ .▒ ░ ░ ,░
▒▒▒▒▒▒▒▒▒'▒▒▒.▒ ▒..▒▒.▒


You could see Azrael, a fire elemental and 2 hell hounds.

Vanquished Creatures
  A centaur warrior (D:11)
  Erica (D:9)
  2 hill giants
  Pikel (D:8)
  A cyclops (D:11)
  The ghost of Jesseh the Chopper, a novice DDFi of Makhleb (D:4)
  2 komodo dragons
  3 trolls
  A two-headed ogre (D:11)
  Grinder (D:4)
  2 hornets
  2 hippogriffs
  4 wyverns
  2 fire elementals (D:13)
  Menkaure (D:5)
  A water moccasin (D:12)
  A soldier ant (D:8)
  A hell hound (D:13)
  5 sky beasts
  5 ice beasts
  4 orc warriors
  3 slaves (D:8)
  A black bear (D:9)
  3 phantoms
  14 centaurs
  7 ogres
  A gnoll sergeant (D:10)
  5 bullfrogs
  A wyvern zombie (D:9)
  3 scorpions
  5 killer bees (D:8)
  10 howler monkeys
  A crimson imp (D:6)
  5 bullfrog zombies
  2 quasits
  5 orc priests
  7 orc wizards
  3 jellies
  A bullfrog skeleton (D:13)
  4 hounds
  3 centaur skeletons
  Jessica (D:2)
  An iguana (D:6)
  12 worker ants
  4 hound zombies
  A worker ant zombie (D:11)
  Robin (D:2)
  A howler monkey skeleton (D:6)
  24 adders
  19 gnolls
  A shadow imp (D:8)
  3 oozes
  An adder skeleton (D:5)
  4 worms
  3 dart slugs
  10 leopard geckos
  44 orcs
  6 giant cockroaches
  2 gnoll zombies (D:5)
  13 goblins
  5 hobgoblins
  13 jackals
  3 kobolds
  7 quokkas
  5 bats
  3 frilled lizards
  3 leopard gecko skeletons
  A quokka skeleton (D:4)
  14 rats
  A plant (D:10)
332 creatures vanquished.

Vanquished Creatures (others)
  A sky beast (D:13)
  A plant (D:10)
2 creatures vanquished.

Grand Total: 334 creatures vanquished

Notes
Turn   | Place    | Note
-------+----------+-------------------------------------------
     0 | D:1      | Jesseh the Deep Dwarf Fighter began the quest for the Orb.
     0 | D:1      | Reached XP level 1. HP: 20/20 MP: 1/1
   151 | D:1      | Reached XP level 2. HP: 21/27 MP: 2/2
   399 | D:1      | Reached XP level 3. HP: 23/33 MP: 3/3
   768 | D:2      | Reached skill level 3 in Axes
   780 | D:2      | Noticed Robin
   788 | D:2      | Reached skill level 4 in Shields
   790 | D:2      | Killed Robin
   850 | D:2      | Reached XP level 4. HP: 15/40 MP: 4/4
   981 | D:2      | HP: 10/40 [worm (5)]
  1034 | D:2      | Noticed Jessica
  1169 | D:2      | Killed Jessica
  1169 | D:2      | Reached skill level 3 in Fighting
  1169 | D:2      | Reached skill level 4 in Armour
  1474 | D:3      | Found a faded altar of an unknown god.
  1522 | D:3      | Reached XP level 5. HP: 25/49 MP: 5/5
  1525 | D:3      | HP: 12/49 [gnoll/whip (3)]
  1526 | D:3      | Reached skill level 4 in Axes
  1738 | D:3      | Reached XP level 6. HP: 33/56 MP: 6/6
  2127 | D:3      | Reached skill level 5 in Axes
  2139 | D:3      | HP: 10/56 [orc priest/divine providence (6)]
  2249 | D:4      | Noticed Grinder
  2258 | D:4      | Paralysed by Grinder for 6 turns
  2267 | D:4      | Paralysed by Grinder for 5 turns
  2286 | D:4      | Killed Grinder
  2286 | D:4      | Reached skill level 5 in Armour
  2286 | D:4      | Reached skill level 5 in Shields
  2286 | D:4      | Reached XP level 7. HP: 41/63 MP: 7/7
  2298 | D:4      | Reached skill level 4 in Fighting
  2298 | D:4      | Reached skill level 6 in Axes
  2302 | D:4      | Found a snail-covered altar of Cheibriados.
  2363 | D:4      | Noticed Jesseh's ghost (novice DDFi)
  2399 | D:4      | HP: 16/64 [Jesseh's ghost (5)]
  2400 | D:4      | Killed Jesseh's ghost
  2400 | D:4      | Reached skill level 7 in Axes
  2400 | D:4      | Reached XP level 8. HP: 18/73 MP: 8/8
  2453 | D:4      | HP: 17/73 [adder (1)]
  2569 | D:4      | Reached skill level 6 in Shields
  2684 | D:4      | Reached skill level 6 in Armour
  2750 | D:4      | Found a glowing golden altar of the Shining One.
  2988 | D:4      | Reached skill level 5 in Fighting
  3269 | D:5      | Entered Level 5 of the Dungeon
  3289 | D:5      | Found Tokaf's Food Shoppe.
  3457 | D:5      | Noticed Menkaure
  3465 | D:5      | Killed Menkaure
  3465 | D:5      | Reached skill level 8 in Axes
  3476 | D:5      | Found Tikh's Distillery.
  3490 | D:5      | Bought a potion of curing for 39 gold pieces
  3490 | D:5      | Bought a potion of curing for 39 gold pieces
  3743 | D:5      | Found Oxufaf's Jewellery Shop.
  3750 | D:5      | Bought a +1 ring of slaying for 90 gold pieces
  3885 | D:5      | HP: 18/74 [ogre/giant spiked club (21)]
  3894 | D:5      | Found Sebresye's Antique Armour Boutique.
  4017 | D:5      | Gained mutation: You passively map the area around you. [Deep Dwarf growth]
  4017 | D:5      | Reached XP level 9. HP: 48/81 MP: 8/8
  4045 | D:5      | Found a basalt altar of Yredelemnul.
  4265 | D:6      | Reached skill level 9 in Axes
  4265 | D:6      | Reached skill level 7 in Shields
  4390 | D:6      | Reached skill level 7 in Armour
  4767 | D:6      | Reached skill level 6 in Fighting
  5106 | D:7      | Found Zuilyets's Book Shop.
  5145 | D:7      | Found a sparkling altar of Nemelex Xobeh.
  5148 | D:7      | Found a white marble altar of Elyvilon.
  5159 | D:7      | Found an iron altar of Okawaru.
  5259 | D:7      | Found a staircase to the Ecumenical Temple.
  5272 | Temple   | Entered the Ecumenical Temple
  5278 | Temple   | Became a worshipper of Makhleb the Destroyer
  5436 | D:7      | Upgraded the game from 0.19.0-20-gbc5f0c6 to 0.19.0-23-gf02e663
  5492 | D:8      | Reached skill level 10 in Axes
  5563 | D:8      | Found a shattered altar of Ashenzari.
  5731 | D:8      | HP: 21/85 [hornet (6)]
  5742 | D:8      | HP: 19/85 [hornet (10)]
  5743 | D:8      | Reached skill level 8 in Shields
  5743 | D:8      | Reached XP level 10. HP: 21/92 MP: 8/8
  5755 | D:8      | HP: 18/92 [soldier ant (3)]
  5895 | D:8      | HP: 20/92 [wyvern (4)]
  5896 | D:8      | HP: 5/92 [wyvern (10)]
  5901 | D:8      | HP: 15/92 [wyvern (4)]
  5911 | D:8      | HP: 16/92 [wyvern (8)]
  5913 | D:8      | HP: 5/92 [wyvern (10)]
  5958 | D:8      | Reached * piety under Makhleb
  6106 | D:8      | Noticed Pikel
  6134 | D:8      | Found a hide-covered altar of Uskayaw.
  6134 | D:8      | Found a stormy altar of Qazlal.
  6135 | D:8      | Found a hazy altar of Hepliaklqana.
  6190 | D:8      | Killed Pikel
  6190 | D:8      | Reached skill level 7 in Fighting
  6190 | D:8      | Reached skill level 9 in Shields
  6191 | D:8      | HP: 20/94 [ogre/giant spiked club (10)]
  6369 | D:8      | Upgraded the game from 0.19.0-23-gf02e663 to 0.19.0-24-gb05acd6
  6733 | D:9      | HP: 21/94 [troll (6)]
  6902 | D:9      | Reached skill level 10 in Shields
  6935 | D:9      | Reached ** piety under Makhleb
  7020 | D:9      | HP: 15/94 [orc warrior/war axe (11)]
  7444 | D:9      | Found a staircase to the Orcish Mines.
  7479 | D:9      | Noticed Erica
  7495 | D:9      | Killed Erica
  7495 | D:9      | Reached skill level 8 in Armour
  7722 | D:10     | Entered Level 10 of the Dungeon
  7798 | Orc:1    | Entered Level 1 of the Orcish Mines
  7798 | Orc:1    | Found Caegyu's Armour Emporium.
  7798 | Orc:1    | Noticed an orc sorcerer
  7868 | D:10     | Reached skill level 8 in Fighting
  7950 | D:10     | Reached XP level 11. HP: 42/103 MP: 7/7
  8209 | D:5      | Bought a crude chain mail for 228 gold pieces
  8219 | D:5      | Identified the +2 chain mail of Follow the Leader {rN+} (You bought it in a shop on level 5 of the Dungeon)
  8481 | D:10     | Reached skill level 11 in Axes
  8629 | D:10     | Found a staircase to the Lair.
  8653 | D:10     | HP: 23/103 [komodo dragon (9)]
  8654 | D:10     | HP: 4/103 [komodo dragon (19)]
  8659 | D:10     | HP: 11/103 [komodo dragon (23)]
  8775 | D:11     | Reached *** piety under Makhleb
  8889 | D:11     | Noticed a hill giant
  8900 | D:11     | Killed a hill giant
  8993 | D:11     | HP: 23/104 [centaur/arrow (5)]
  9010 | D:11     | Reached skill level 9 in Armour
  9240 | D:11     | Noticed a centaur warrior
  9260 | D:11     | HP: 24/104 [centaur warrior (4)]
  9264 | D:11     | Killed a centaur warrior
  9442 | D:12     | Found Muetaic's Antique Weapon Boutique.
  9809 | D:12     | Noticed a five-headed hydra
  9829 | D:13     | Reached skill level 9 in Fighting
  9983 | D:13     | Noticed a hill giant
  9999 | D:13     | Killed a hill giant
 10051 | D:13     | HP: 25/106 [fire elemental[Azrael] (11)]
 10053 | D:13     | Reached skill level 12 in Axes
 10091 | D:13     | Noticed Sonja
 10103 | D:13     | Noticed Azrael
 10109 | D:13     | HP: 25/106 [burnt (5)]
 10110 | D:13     | Killed from afar by Azrael

Skill      XL: |  1  2  3  4  5  6  7  8  9 10 11 |
---------------+----------------------------------+-----
Axes           | 3 4 5 7 8 10 12 | 12.1
Shields        | 4 5 6 8 10 | 10.3
Fighting       | 3 4 5 6 8 9 |  9.3
Armour         | 4 5 6 7 8 9 |  9.9

Action                   |  1- 3 |  4- 6 |  7- 9 | 10-12 || total
-------------------------+-------+-------+-------+-------++-------
Melee: War axe           |   109 |   190 |   477 |   591 ||  1367
Throw: Throwing net      |       |       |     2 |       ||     2
 Abil: Device Recharging |       |       |     2 |     4 ||     6
Evoke: Wand              |       |     4 |     8 |    18 ||    30
  Use: Scroll            |       |     2 |     1 |    12 ||    15
       Potion            |       |       |       |     1 ||     1
  Eat: Chunk             |       |     5 |     7 |     9 ||    21
       Meat ration       |       |       |     1 |       ||     1
       Pizza             |       |       |       |     3 ||     3
       Royal jelly       |       |       |       |     1 ||     1
Armor: Scale mail        |    56 |    76 |       |       ||   132
       Plate armour      |       |    26 |   237 |   126 ||   389
       Chain mail        |       |       |       |   134 ||   134
Dodge: Dodged            |    38 |    50 |    72 |   138 ||   298
Block: Shield            |    55 |   104 |   209 |   296 ||   664

Vault maps used:
D:1:      onia_arrival_handbag, hangedman_decor_riveting,
          kennysheep_pointless_box, st_stairs_6, hangedman_decor_peaks_small
D:2:      minmay_door_path, uniq_robin, uniq_jessica
D:3:      ecumenical_altar_2
D:4:      marbit_many_paths, first_bread, cheibriados_altar_1, uniq_grinder
D:5:      lemuel_zombie_altar_yredelemnul, serial_shops, shop, shop,
          nicolae_shop_crystal, nicolae_shop_crystal, st_stairs_12,
          uniq_menkaure
D:6:      minmay_diamond_boxcup
D:7:      grunt_temple_overflow_open, serial_shops, shop
D:8:      gammafunk_temple_overflow_claw, basic_altar,
          hangedman_pestilent_swarm, uniq_pikel
D:9:      hiddenorc1_lemuel, roderic_lattice_a, uniq_erica
D:10:     david_lair_shrubbed
D:12:     serial_shops, shop
D:13:     minmay_two_paths, hangedman_abyss_or_decor_lesser_grid, uniq_azrael,
          uniq_sonja
Temple:   dshaligram_water_room_temple
Orc:1:    serial_shops, shop, nicolae_shop_behind_doors, nicolae_shop_stone,
          shop

Table legend:
 A = Turns spent in this place as a percentage of turns spent in the entire game.
 B = Non-inter-level travel turns spent in this place as a percentage of non-inter-level travel turns spent in the entire game.
 C = Inter-level travel turns spent in this place as a percentage of turns spent in this place.
 D = Turns resting spent in this place as a percentage of non-inter-level travel turns spent in this place.
 E = Turns spent auto-exploring this place as a percentage of non-inter-level travel turns spent in this place.
 F = Non-inter-level travel turns spent in this place divided by the number of levels of this place that you've seen.
                   A       B       C       D       E      F
               +-------+-------+-------+-------+-------+----------------------
         Total | 100.0 | 100.0 |   0.5 |   0.1 |   6.5 | 263.5
       Dungeon |  99.6 |  99.6 |   0.5 |   0.1 |   6.5 | 302.9
        Temple |   0.3 |   0.3 |   0.0 |   0.0 |   0.0 |  13.0
  Orcish Mines |   0.1 |   0.1 |   0.0 |   0.0 |   0.0 |   2.0
               +-------+-------+-------+-------+-------+----------------------

Table legend:
 A = Kills in this place as a percentage of kills in entire the game.
 B = Kills by you in this place as a percentage of kills by you in the entire game.
 C = Kills by friends in this place as a percentage of kills by friends in the entire game.
 D = Other kills in this place as a percentage of other kills in the entire game.
 E = Experience gained in this place as a percentage of experience gained in the entire game.
 F = Experience gained in this place divided by the number of levels of this place that you have seen.
                   A       B       C       D       E      F
               +-------+-------+-------+-------+-------+----------------------
         Total | 100.0 | 100.0 |  -nan | 100.0 | 100.0 | 1296.3
       Dungeon | 100.0 | 100.0 |  -nan | 100.0 | 100.0 | 1495.7
               +-------+-------+-------+-------+-------+----------------------
